 Dungeon Crawl Stone Soup version 0.31-a0-435-g2c6fae2916 (console) character file.

Game seed: 13756032616542885713

72268 petzl the Thaumaturge (level 15, -5/103 HPs)
             Began as a Formicid Delver on Aug 1, 2023.
             Was a High Priest of Vehumet.
             Slain by Donald
             ... wielding a +2 scimitar of pain
              (37 damage)
             ... on level 1 of the Orcish Mines on Aug 2, 2023.
             The game lasted 02:44:07 (27303 turns).

petzl the Thaumaturge (Formicid Delver)            Turns: 27303, Time: 02:44:16

Health: -5/103     AC: 16    Str: 17      XL:     15   Next: 85%
Magic:  8/33       EV: 15    Int: 19 (20) God:    Vehumet [*****.]
Gold:   1207       SH: 12    Dex: 18      Spells: 12/42 levels left

rFire   + . .        a - +9 long sword {spect, rF+ Will+}
rCold   . . .        D - +0 buckler
rNeg    . . .        w - +2 leather armour {rPois}
rPois   +            (helmet unavailable)
rElec   .            S - +0 cloak
rCorr   .            v - +0 pair of gloves
SInv    +            L - +2 pair of boots {Stlth+}
Will    ++...        M - amulet of reflection
Stlth   +++++        i - +4 ring of protection
HPRegen 0.37/turn    J - +6 ring of dexterity
MPRegen 0.23/turn

%: reflection
@: very slightly contaminated
A: permanent stasis, dig shafts and tunnels, antennae 3, four strong arms,
clever 1, clumsy 1, deterioration 1
a: Dig, Shaft Self, Renounce Religion


You were on level 1 of the Orcish Mines.
You worshipped Vehumet.
Vehumet was extremely pleased with you.
You visited 5 branches of the dungeon, and saw 24 of its levels.
You also visited: Volcano.

You collected 1767 gold pieces.
You spent 560 gold pieces at shops.

Inventory:

Hand Weapons
 a - the +9 long sword "Botweh" (weapon) {spect, rF+ Will+}
   (You found it on level 4 of the Lair of Beasts)

   rF:        It protects you from fire.
   Will:      It increases your willpower.
 b - the +2 shortbow of Big Damage {heavy, Will++ rCorr}
   (You bought it in a shop on level 4 of the Dungeon)

   rCorr:     It protects you from acid and corrosion.
   Will:      It greatly increases your willpower.
 d - the +4 short sword of Wunetakk {speed, rElec}
   (You found it on level 2 of the Dungeon)

   rElec:     It insulates you from electricity.
 j - a +2 orcbow of flaming
 P - a +0 arbalest of flaming
 W - a +3 scimitar of flaming
 X - a +0 hand crossbow of flaming
Missiles
 p - 4 throwing nets
 Y - 3 curare-tipped darts
Armour
 h - a +2 robe of positive energy
 v - a +0 pair of gloves (worn)
 w - a +2 leather armour of poison resistance (worn)
 D - a +0 buckler (worn)
 L - a +2 pair of boots of stealth (worn)
 S - a +0 cloak (worn)
Jewellery
 i - a +4 ring of protection (left hand)
 k - a ring of protection from fire
 J - a +6 ring of dexterity (right hand)
 M - an amulet of reflection (around neck)
Wands
 f - a wand of digging (6)
 q - a wand of mindburst (4)
 x - a wand of quicksilver (6)
 O - a wand of charming (6)
 Q - a wand of flame (5)
 Z - a wand of iceblast (8)
Scrolls
 c - 2 scrolls of fog
 e - a scroll of fear
 g - a scroll of vulnerability
 t - 3 scrolls of poison
 u - a scroll of torment {unknown}
 F - 2 scrolls of enchant weapon {unknown}
 K - a scroll of amnesia
 R - a scroll of revelation
 T - 2 scrolls of blinking {unknown}
Potions
 m - 2 potions of curing {unknown}
 r - 2 potions of ambrosia {unknown}
 A - a potion of haste {unknown}
 B - 2 potions of magic {unknown}
 E - 3 potions of invisibility
 I - 2 potions of berserk rage {unknown}
 V - 2 potions of heal wounds


   Skills:
 - Level 5.0 Fighting
 - Level 4.0 Long Blades
 - Level 2.0 Maces & Flails
 - Level 5.0 Ranged Weapons
 + Level 7.8 Armour
 + Level 6.2 Dodging
 + Level 9.8 Stealth
 + Level 10.2 Shields
 + Level 14.3 Spellcasting
 * Level 13.3 Conjurations
 - Level 6.0 Ice Magic
 - Level 4.0 Air Magic
 - Level 4.0 Poison Magic
 - Level 3.0 Evocations


You had 12 spell levels left.
You knew the following spells:

 Your Spells              Type           Power      Damage    Failure   Level
a - Poisonous Vapours     Pois/Air       56%        N/A       1%          2
b - Hailstorm             Conj/Ice       50%        3d11      1%          3
c - Plasma Beam           Fire/Air       10%        2x1d21    71%         6
l - Freezing Cloud        Conj/Ice/Air   21%        6-21      2%          5
m - Mephitic Cloud        Conj/Pois/Air  40%        N/A       1%          3
o - Orb of Destruction    Conj           29%        9d9       7%          7
T - Olgreb's Toxic Radia  Pois           28%        N/A       3%          4

Your spell library contained the following spells:

 Spells                   Type           Power      Damage    Failure   Level
 Foxfire                  Conj/Fire      100%       2x1d9     1%          1
 Magic Dart               Conj           100%       1d8       1%          1
 Searing Ray              Conj           100%       2d8       1%          2
 Fulminant Prism          Conj/Hex       19%        3d11      1%          4
 Irradiate                Conj/Tmut      19%        3d18      3%          5
 Wereblood                Tmut           13%        N/A       11%         2
 Call Canine Familiar     Summ           13%        N/A       21%         3
 Portal Projectile        Hex/Tloc       26%        N/A       21%         3
 Summon Guardian Golem    Hex/Summ       13%        N/A       21%         3
 Summon Ice Beast         Ice/Summ       25%        N/A       21%         4
 Leda's Liquefaction      Hex/Erth       6%         N/A       56%         4
 Spellforged Servitor     Conj/Summ      19%        N/A       63%         7
 Simulacrum               Ice/Necr       12%        N/A       97%         6
 Dragon's Call            Summ           6%         N/A       100%        9


Dungeon Overview and Level Annotations

Branches:
Dungeon (14/15)            Temple (1/1) D:4            Lair (5/5) D:8
  Swamp (2/4) Lair:3       Spider (0/4) Lair:2        Slime (0/5) Lair:5
    Orc (2/2) D:12            Elf (0/3) Orc:2       Volcano (visited)
 Vaults: D:13-14

Altars:
Ashenzari
Cheibriados
Dithmenos
Elyvilon
Fedhas
Gozag
Hepliaklqana
Kikubaaqudgha
Makhleb
Nemelex Xobeh
Okawaru
Qazlal
Ru
Sif Muna
Trog
Uskayaw
Vehumet
Wu Jian
Xom
Yredelemnul
Zin
The Shining One

Shops:
D:1 (   D:4 [(   D:9 (

Annotations:
D:3 Sigmund
D:4 Dowan
D:13 exclusion: downstairs
Lair:2 exclusion: downstairs
Swamp:1 exclusion: downstairs
Orc:1 exclusion: 2 downstairs, Donald


Innate Abilities, Weirdness & Mutations

You cannot be hasted, slowed, berserked, paralysed or teleported.
You can dig through walls and to a lower floor.
You have a pair of large antennae on your head. (SInv)
Your four strong arms can wield two-handed weapons with a shield.
Your mind is acute. (Int +4, Str/Dex -1)
You are clumsy. (Dex -2)
Your body sometimes deteriorates upon taking damage.


Message History

Aim: Donald, wielding a +2 scimitar of pain, wearing a +0 plate armour and wearing a +0 kite shield (strong) Donald casts a spell.
Donald seems to speed up.
Casting: Orb of Destruction (dangerous; 6% risk of failure)
Confirm with . or Enter, or press ? or * to list all spells.
Aiming: Orb of Destruction (dangerous; 6% risk of failure)
Press: ? - help, Shift-Dir - straight line, f/p - Donald
Aim: Donald, wielding a +2 scimitar of pain, wearing a +0 plate armour and wearing a +0 kite shield (fast, strong, ally target)
Casting: Orb of Destruction (dangerous; 6% risk of failure)
Confirm with . or Enter, or press ? or * to list all spells.
Aiming: Orb of Destruction (dangerous; 6% risk of failure)
Press: ? - help, Shift-Dir - straight line, f/p - Donald
Aim: Donald, wielding a +2 scimitar of pain, wearing a +0 plate armour and wearing a +0 kite shield (fast, strong, ally target)
The orb of destruction hits Donald!!!
Donald is heavily wounded.
Donald kicks a rock and scowls.
Donald blocks your orb of destruction.
Your orb of destruction dissipates.
Casting: Orb of Destruction (dangerous; 6% risk of failure)
Confirm with . or Enter, or press ? or * to list all spells.
You don't have enough magic to cast this spell.
There is a stone staircase leading up here.
Donald makes a rude gesture at you.
Donald hits you with a +2 scimitar of pain!!
You climb upwards.
Level annotation: exclusion: 2 downstairs
There is a stone staircase leading down here.
You feel a bond with the +9 long sword "Botweh" {spect, rF+ Will+}.
a - the +9 long sword "Botweh" (weapon)
{spect, rF+ Will+} Donald says, "They wouldn't let me join their adventuring club without the Orb."
You block Donald's attack.
Are you sure you want to shaft yourself?
Donald says, "I bet the Orb isn't even all that great."
Donald hits you with a +2 scimitar of pain!!
Your body deteriorates!
You feel dopey.
You writhe in agony.
Donald hits you with a +2 scimitar of pain!
You begin to dig a shaft.
You continue digging a shaft.
Donald hits you with a +2 scimitar of pain!!!
You die...

#.......###........#
#........####.....
###...[..#.....#..##
##.#......#.......
#...........#####
#*#......##...... ##..........#
#...........### ##........##
###.........# # ##........#
####### ###....#..# # #.......##
###..#[<#####.....#### #.....###
###....).[.#.#.##...#
####......####.##.)[.....#.###...#
##.#..........#.....[......##
##.##
#...............[....#......# ###
##.....#.#...........###...###
......######......######....#
#......#.#.#.........###...##
##..........[.).......#...###
##.........................#
##.#.........#..#.......###
#####......#####......##
#.....######.@@...###
##...########>....###
####################
############### ###############
############### ###############
############### ###############


You could see Donald (fast, strong).

Vanquished Creatures
  Saint Roka (Orc:2)
  Jorgrun (Orc:1)
  Rupert (Lair:3)
  A red draconian (Lair:3)
  Azrael (Orc:2)
  Josephine (D:11)
  A ghost crab (Lair:3)
  Erolcha (D:11)
  3 hydras (Lair:5)
  2 centaur warriors
  A boulder beetle (Lair:3)
  5 two-headed ogres
  4 catoblepae
  8 death yaks
  Erica (D:11)
  A tengu warrior (D:13)
  Urug (Orc:1)
  Pikel (D:8)
  A lindwurm (Lair:5)
  An orc knight (Orc:2)
  A deep elf pyromancer (D:12)
  5 cyclopes
  2 wolf spiders (Lair:2)
  An ugly thing (D:11)
  9 centaur zombies (D:11)
  3 manticores
  11 elephants
  8 black mambas
  A cane toad (shapeshifter) (D:11)
  A torpor snail (Lair:1)
  4 cane toads
  2 gargoyles
  An unseen horror (D:11)
  2 yaktaurs (Volcano)
  A rime drake (Lair:3)
  5 komodo dragons
  3 kobold demonologists
  An efreet (D:13)
  A tengu conjurer (D:13)
  A spectral skyshark (Lair:3)
  5 trolls
  A polar bear (Lair:2)
  A hornet (D:9)
  A tyrant leech (Swamp:1)
  9 blink frogs
  A meliai zombie (D:11)
  A spectral black mamba (Lair:3)
  4 slime creatures (D:12)
  12 wraiths
  4 shadows (D:11)
  2 vampires (D:11)
  58 yaks
  Eustachio (D:6)
  6 basilisks
  6 wyverns
  A fire elemental (Orc:2)
  2 vampire mosquitoes (D:12)
  A swamp worm (Swamp:1)
  2 wargs (Orc:2)
  A spectral cane toad (Lair:3)
  18 water moccasins
  2 swamp drakes (Swamp:1)
  2 hell hounds (Orc:2)
  A spectral blink frog (Lair:3)
  2 ice beasts
  A sky beast (D:6)
  A black bear (D:5)
  22 orc warriors
  3 ogres
  11 wolves
  3 centaurs (Volcano)
  A phantom (D:6)
  A lemure (D:9)
  5 kobold brigands
  2 scorpions
  9 bullfrogs
  A gnoll sergeant (D:7)
  2 wights
  A jelly (D:6)
  17 killer bees
  An electric eel (Lair:3)
  A howler monkey (D:6)
  2 hounds
  2 gnoll boudas
  12 orc priests
  4 sleepcaps
  3 iguanas
  2 boggart zombies (D:11)
  18 orc wizards
  A howler monkey zombie (D:11)
  34 gnolls
  7 adders
  A river rat (D:5)
  A shadow imp (D:6)
  A worm (D:2)
  2 dart slugs (D:1)
  48 orcs
  8 bats
  7 endoplasms
  4 giant cockroaches
  7 goblins
  5 hobgoblins
  6 jackals
  20 kobolds
  3 quokkas
  3 training dummies (D:9)
  6 ball pythons
  4 frilled lizards
  13 rats
  2 butterflies (Lair:5)
  A spectral weapon (D:11)
553 creatures vanquished.

Vanquished Creatures (others)
  A kobold brigand (D:9)
  3 spectral weapons
4 creatures vanquished.

Grand Total: 557 creatures vanquished

Notes
Turn   | Place    | Note
-------+----------+-------------------------------------------
     0 | D:5      | petzl the Formicid Delver began the quest for the Orb.
     0 | D:5      | Reached XP level 1. HP: 18/18 MP: 1/1
     1 | D:5      | Noticed a black bear
   103 | D:5      | Noticed an iguana
   179 | D:2      | Reached skill level 1 in Spellcasting
   204 | D:2      | Identified the +4 short sword of Wunetakk {speed, rElec}
   233 | D:2      | Reached XP level 2. HP: 24/24 MP: 4/4
   445 | D:2      | Reached skill level 2 in Spellcasting
   672 | D:1      | Reached XP level 3. HP: 29/29 MP: 6/6
   685 | D:1      | Found Yffoxos's Weapon Shoppe.
   897 | D:1      | Reached skill level 3 in Spellcasting
  1086 | D:1      | Reached XP level 4. HP: 35/35 MP: 8/8
  1529 | D:3      | You fall into a shaft and drop 1 floor!
  1668 | D:2      | Found a hazy altar of Hepliaklqana.
  2072 | D:3      | Reached skill level 1 in Evocations
  2138 | D:2      | Reached XP level 5. HP: 30/41 MP: 10/10
  2189 | D:3      | Reached skill level 4 in Spellcasting
  2421 | D:3      | Noticed Sigmund
  3187 | D:4      | Noticed Dowan
  3193 | D:4      | Found Esoexuh's Armour Shop.
  3430 | D:4      | Found Estuk's Antique Weapon Shop.
  3493 | D:4      | Found a staircase to the Ecumenical Temple.
  3867 | D:5      | Reached XP level 6. HP: 46/47 MP: 12/12
  3893 | D:5      | Found a hide-covered altar of Uskayaw.
  3920 | D:5      | Reached skill level 5 in Spellcasting
  4014 | Temple   | Entered the Ecumenical Temple
  4047 | Temple   | Became a worshipper of Vehumet
  4129 | D:4      | You fall into a shaft and drop 1 floor!
  4138 | D:5      | Noticed a water moccasin
  4336 | D:4      | You fall into a shaft and drop 3 floors!
  4482 | D:7      | Reached XP level 7. HP: 40/45 MP: 15/15
  4565 | D:6      | Got the Spellbook of Kindled Bringing Forth
  4738 | D:6      | Reached skill level 6 in Spellcasting
  4773 | D:6      | Learned a level 2 spell: Poisonous Vapours
  4777 | D:6      | Learned a level 3 spell: Mephitic Cloud
  4783 | D:6      | Learned a level 5 spell: Freezing Cloud
  4911 | D:4      | Bought a brightly glowing shortbow for 192 gold pieces
  4911 | D:4      | Identified the +2 shortbow of Big Damage {heavy, Will++
                  | rCorr} (You bought it in a shop on level 4 of the Dungeon)
  4930 | D:3      | You fall into a shaft and drop 2 floors!
  5102 | D:4      | Reached skill level 1 in Poison Magic
  5566 | D:5      | Killed a water moccasin
  5567 | D:5      | Reached skill level 1 in Ranged Weapons
  5567 | D:5      | Reached skill level 1 in Air Magic
  5632 | D:5      | Reached skill level 1 in Conjurations
  5632 | D:5      | Reached skill level 1 in Ice Magic
  5632 | D:5      | Reached XP level 8. HP: 56/58 MP: 15/17
  5696 | D:5      | You fall into a shaft and drop 2 floors!
  6496 | D:6      | Reached * piety under Vehumet
  6496 | D:6      | Offered knowledge of Magic Dart by Vehumet.
  6719 | D:6      | Found a shadowy altar of Dithmenos.
  6783 | D:6      | Found an opulent altar of Gozag.
  7396 | D:6      | Reached XP level 9. HP: 64/64 MP: 0/18
  7812 | D:6      | Noticed Eustachio
  7849 | D:6      | Killed Eustachio
  8733 | D:7      | Reached skill level 1 in Shields
  8736 | D:7      | Offered knowledge of Freeze by Vehumet.
  8737 | D:7      | Reached skill level 7 in Spellcasting
  8748 | D:7      | Reached ** piety under Vehumet
  9087 | D:7      | Reached skill level 1 in Armour
  9310 | D:8      | Found a staircase to the Lair.
  9422 | D:9      | Reached skill level 5 in Ranged Weapons
  9901 | D:8      | Reached XP level 10. HP: 70/70 MP: 20/20
 10808 | D:9      | Offered knowledge of Dazzling Flash by Vehumet.
 10863 | D:9      | Reached skill level 5 in Shields
 11127 | D:9      | Reached *** piety under Vehumet
 11129 | D:10     | Entered Level 10 of the Dungeon
 11248 | D:9      | Found Ofrob's Firing Range.
 11730 | D:9      | Noticed Pikel
 11756 | D:8      | Killed Pikel
 11757 | D:8      | Reached skill level 8 in Spellcasting
 12014 | D:4      | Bought a +2 pair of boots of stealth for 236 gold pieces
 12187 | Lair:1   | Entered Level 1 of the Lair of Beasts
 12187 | Lair:1   | Noticed a cane toad
 12192 | Lair:1   | Killed a cane toad
 12193 | Lair:1   | Reached skill level 5 in Ice Magic
 12284 | Lair:1   | Noticed a death yak
 12306 | Lair:1   | Reached skill level 5 in Conjurations
 12549 | Lair:1   | Killed a death yak
 12550 | Lair:1   | Reached XP level 11. HP: 75/75 MP: 14/23
 12651 | Lair:1   | Reached skill level 9 in Spellcasting
 12889 | Lair:2   | Offered knowledge of Hailstorm by Vehumet.
 12894 | Lair:2   | Learned a level 3 spell: Hailstorm
 13297 | Lair:2   | Reached skill level 10 in Spellcasting
 13497 | Lair:2   | Noticed a wolf spider
 13733 | Lair:3   | Noticed an elephant
 13733 | Lair:3   | Noticed an elephant
 13733 | Lair:3   | Noticed an elephant
 13733 | Lair:3   | Noticed an elephant
 13802 | Lair:3   | Reached **** piety under Vehumet
 13836 | Lair:3   | Noticed Rupert
 13843 | Lair:3   | Reached XP level 12. HP: 76/81 MP: 8/26
 13855 | Lair:3   | You fall into a shaft and drop 1 floor!
 14079 | Lair:3   | Found a dark tunnel.
 14108 | Volcano  | Entered a volcano
 14129 | Volcano  | Reached skill level 11 in Spellcasting
 14131 | Volcano  | Noticed a centaur warrior
 14134 | Volcano  | Noticed a red draconian
 14139 | Volcano  | Killed a centaur warrior
 14176 | Lair:3   | You fall into a shaft and drop 2 floors!
 14176 | Lair:5   | Entered Level 5 of the Lair of Beasts
 14295 | Lair:5   | Noticed a death yak
 14295 | Lair:5   | Noticed a catoblepas
 14399 | Lair:5   | Noticed a seven-headed hydra
 14408 | Lair:5   | Killed a seven-headed hydra
 14611 | Lair:5   | Offered knowledge of Arcjolt by Vehumet.
 14799 | Lair:4   | Noticed a death yak
 14803 | Lair:4   | Reached skill level 12 in Spellcasting
 14808 | Lair:4   | Killed a death yak
 14813 | Lair:4   | Noticed a catoblepas
 15052 | Lair:4   | Reached skill level 10 in Conjurations
 15251 | Lair:4   | Reached XP level 13. HP: 86/86 MP: 23/29
 15322 | Lair:4   | Identified the +9 long sword "Botweh" {spect, rF+ Will+}
 15452 | Lair:4   | Killed a catoblepas
 15562 | Lair:3   | You fall into a shaft and drop 1 floor!
 15677 | Lair:4   | Reached ***** piety under Vehumet
 15677 | Lair:4   | Offered knowledge of Ozocubu's Refrigeration by Vehumet.
 15686 | Lair:4   | Learned a level 7 spell: Orb of Destruction
 15714 | Lair:4   | Reached skill level 13 in Spellcasting
 15941 | Lair:3   | Killed a red draconian
 16758 | Lair:2   | You fall into a shaft and drop 1 floor!
 17540 | Lair:3   | Found a staircase to the Swamp.
 17540 | Lair:3   | Noticed a ghost crab
 17552 | Lair:3   | You fall into a shaft and drop 1 floor!
 17915 | Lair:2   | Found a hole to the Spider Nest.
 18344 | Lair:3   | Killed a ghost crab
 18400 | Swamp:1  | Entered Level 1 of the Swamp
 18490 | Swamp:1  | Reached skill level 1 in Long Blades
 18539 | Swamp:2  | Noticed an eleionoma
 18708 | Lair:3   | Killed Rupert
 19430 | Lair:5   | Noticed a four-headed hydra
 19435 | Lair:5   | Killed a four-headed hydra
 19436 | Lair:5   | Reached skill level 5 in Fighting
 19440 | Lair:5   | Reached XP level 14. HP: 98/98 MP: 23/31
 19619 | Lair:5   | Gained mutation: Your mind is acute. (Int +4, Str/Dex -1)
                  | [potion of mutation]
 19619 | Lair:5   | Gained mutation: Your body sometimes deteriorates upon
                  | taking damage. [potion of mutation]
 19619 | Lair:5   | Gained mutation: You are clumsy. (Dex -2) [potion of
                  | mutation]
 19753 | Lair:5   | Reached skill level 5 in Armour
 19877 | Lair:5   | Found a staircase to the Slime Pits.
 20837 | Lair:5   | Offered knowledge of Olgreb's Toxic Radiance by Vehumet.
 20843 | Lair:5   | Learned a level 4 spell: Olgreb's Toxic Radiance
 21688 | D:9      | Bought a +0 hand crossbow of flaming for 132 gold pieces
 22989 | D:11     | Noticed Josephine
 23009 | D:11     | Killed Josephine
 23010 | D:11     | Reached skill level 5 in Dodging
 23165 | D:11     | Noticed Erolcha
 23170 | D:11     | Killed Erolcha
 23171 | D:11     | Reached XP level 15. HP: 103/103 MP: 23/32
 23438 | D:11     | Noticed Erica
 23446 | D:11     | Killed Erica
 24045 | D:13     | Reached skill level 14 in Spellcasting
 25523 | D:12     | Found a staircase to the Orcish Mines.
 25623 | Orc:1    | Entered Level 1 of the Orcish Mines
 25750 | Orc:1    | Noticed Jorgrun
 25755 | Orc:1    | Killed Jorgrun
 25827 | Orc:1    | Noticed Urug
 25832 | Orc:1    | Killed Urug
 26041 | Orc:2    | Entered Level 2 of the Orcish Mines
 26178 | Orc:1    | Reached skill level 10 in Shields
 26342 | Orc:2    | Noticed Azrael
 26410 | Orc:2    | Found a staircase to the Elven Halls.
 26459 | Orc:2    | Offered knowledge of Plasma Beam by Vehumet.
 26467 | Orc:2    | Learned a level 6 spell: Plasma Beam
 26777 | Orc:2    | Noticed Saint Roka
 26800 | Orc:2    | Killed Saint Roka
 27115 | Orc:2    | Killed Azrael
 27119 | Orc:2    | Noticed Donald
 27303 | Orc:1    | Slain by Donald

Illustrated notes

Levels and vault maps discovered:
D:1:      dpeg_arrival_subterranean_lakeside_camping, layout_basic,
          serial_shops, shop
D:2:      layout_loops_corners, basic_altar, minmay_misc_feat_ornament,
          minmay_pentomino_w2
D:3:      layout_basic, uniq_sigmund
D:4:      layout_basic, temple_green, serial_shops, shop,
          nicolae_shop_pleasant_corner_grove, uniq_duvessa
D:5:      layout_gridville, nicolae_uskayaw_suspiria, portal_sewer_entry_b
D:6:      layout_loops_corners, amethyst_overflow_temple_binary, serial_rivers,
          chequers_serial_rivers_small_a, chequers_serial_rivers_small_3,
          chequers_serial_rivers_micro_c, chequers_serial_rivers_large_b,
          chequers_serial_rivers_micro_d, chequers_serial_rivers_micro_d,
          uniq_eustachio
D:7:      layout_gridville
D:8:      layout_gridville, lair_entry_dummy
D:9:      minmay_flawed_box, layout_loops_ring, serial_bayou_pond_d,
          nicolae_shop_firing_range, uniq_pikel
D:10:     layout_roguey
D:11:     layout_loops_corners, serial_undead, serial_undead_f, serial_undead_c,
          serial_undead_a, serial_undead_a, serial_undead_a, uniq_josephine,
          uniq_erolcha, uniq_erica
D:12:     layout_basic, david_orc_2, minmay_guarded_unrand_finisher
D:13:     layout_basic, minmay_misc_feat_hallway
D:14:     wander_river, layout_loops_ring, hellmonk_vaults_order_and_chaos
Temple:   hellmonk_temple_of_storms
Lair:1:   layout_cave_shapes, grunt_megastairs_3, lemuel_fruit_tree
Lair:2:   layout_concentric_octagons, spider_nest_entry_funnel_web, st_stairs_9,
          nicolae_lair_lil_pond, infiniplex_staircase_pool
Lair:3:   layout_regular_city, nicolae_swamp_entry_spooky,
          nicolae_volcano_entry_two_sided, grunt_megastairs_2,
          serial_bayou_shore_a, lemuel_fruit_fields, uniq_rupert
Lair:4:   layout_small_grid, nicolae_lair_grove_arrangements,
          nicolae_lair_yak_garden, serial_bayou_shore_b, grunt_megastairs_4
Lair:5:   evilmike_catoblepas_cave, layout_long_grid, slime_entry_1,
          lemuel_fruit_fields
Swamp:1:  layout_basic_swamp, evilmike_swamp_ruin_house_6, swamp_pool5
Swamp:2:  layout_basic_swamp, ebering_ghost_xom, evilmike_swamp_ruin_house_3
Orc:1:    layout_diamond_mine, uniq_urug, uniq_jorgrun
Orc:2:    grunt_orc_community_town_hall, layout_caves,
          grunt_orc_community_big_house_1, grunt_orc_community_big_house_1,
          grunt_orc_community_house_3, grunt_orc_community_house_1,
          grunt_orc_community_house_1, grunt_orc_community_house_3,
          serial_shops, shop, uniq_donald, uniq_saint_roka, uniq_azrael

Skill      XL: |  1  2  3  4  5  6  7  8  9 10 11 12 13 14 15 |
---------------+----------------------------------------------+-----
Spellcasting   | 1 2 3 4 5 6 7 8 10 12 13 14 | 14.3
Evocations     | 1 2 3 |  3.0
Poison Magic   | 2 4 |  4.0
Ranged Weapons | 1 3 5 |  5.0
Air Magic      | 1 2 4 |  4.0
Conjurations   | 1 2 3 5 8 10 11 12 13 | 13.3
Ice Magic      | 1 2 3 5 6 |  6.0
Shields        | 3 6 7 8 10 | 10.2
Armour         | 1 3 4 6 7 |  7.8
Dodging        | 3 5 6 |  6.2
Fighting       | 5 |  5.0
Stealth        | 7 9 |  9.8
Long Blades    | 1 4 |  4.0
Maces & Flails | |  2.0

Action                     |  1- 3 |  4- 6 |  7- 9 | 10-12 | 13-15 || total
---------------------------+-------+-------+-------+-------+-------++-------
  Melee: Mace              |    13 |       |       |       |       ||    13
         Short sword       |    73 |   185 |   378 |   153 |       ||   789
         Punch             |     2 |     1 |     5 |       |       ||     8
         Long sword        |       |       |       |       |   181 ||   181
   Fire: Shortbow          |       |       |    75 |   144 |   325 ||   544
   Cast: Poisonous Vapours |       |       |    18 |     9 |    13 ||    40
         Mephitic Cloud    |       |       |    42 |    37 |    42 ||   121
         Freezing Cloud    |       |       |       |    75 |   207 ||   282
         Orb of Destructio |       |       |       |       |    21 ||    21
         Hailstorm         |       |       |       |       |     2 ||     2
         Olgreb's Toxic Ra |       |       |       |       |     3 ||     3
Ability: Shaft Self        |       |     3 |     2 |     2 |     4 ||    11
         Dig               |       |       |     2 |     2 |     7 ||    11
  Evoke: Wand              |       |       |     3 |     5 |     2 ||    10
    Use: Scroll            |       |     4 |     3 |     5 |     4 ||    16
         Potion            |       |     1 |     1 |     3 |     9 ||    14
   Stab: Sleeping          |     9 |     8 |     2 |     1 |       ||    20
         Distracted        |       |     1 |       |       |       ||     1
         Confused          |       |       |    16 |    15 |       ||    31
 Armour: Leather armour    |    10 |       |    11 |    49 |   134 ||   204
         Ring mail         |    12 |    54 |   100 |       |       ||   166
  Dodge: Dodged            |    35 |    98 |   169 |    79 |   164 ||   545
  Block: Buckler           |       |       |    22 |    62 |   203 ||   287
         Reflection        |       |       |       |     4 |     9 ||    13

Table legend: (Time is in decaauts)
 A = Elapsed time spent in this place.
 B = Non-inter-level travel time spent in this place.
 C = Inter-level travel time spent in this place.
 D = Time resting spent in this place.
 E = Time spent auto-exploring this place.
 F = Levels seen in this place.
 G = Mean time per level.
                   A        B        C        D        E       F      G
               +--------+--------+--------+--------+--------+-----+--------+
         Total |  27536 |  25780 |   1756 |   8223 |   8971 |  25 | 1101.4 |
       Dungeon |  16222 |  14988 |   1234 |   3789 |   6331 |  14 | 1158.7 |
        Temple |     48 |     29 |     19 |      0 |      0 |   1 |   48.0 |
          Lair |   9345 |   8924 |    421 |   3683 |   2540 |   5 | 1869.0 |
         Swamp |    160 |    160 |      0 |     38 |      0 |   2 |   80.0 |
  Orcish Mines |   1705 |   1623 |     82 |    713 |    100 |   2 |  852.5 |
       Volcano |     52 |     52 |      0 |      0 |      0 |   1 |   52.0 |
               +--------+--------+--------+--------+--------+-----+--------+

Top non-repeatable levels by time:
  Lair:5: 2638 daAuts
  Lair:3: 2555 daAuts
     D:6: 2356 daAuts
  Lair:4: 1922 daAuts
    D:11: 1703 daAuts
     D:8: 1682 daAuts
  Lair:2: 1554 daAuts
     D:5: 1491 daAuts
     D:4: 1268 daAuts
     D:7: 1250 daAuts
     D:3: 1154 daAuts
     D:9: 1049 daAuts
    D:12: 990 daAuts
   Orc:1: 965 daAuts
     D:2: 934 daAuts
